 Dungeon Crawl Stone Soup version 0.21.1-1-g345015fe64 (webtiles) character file.

2712 Naru the Cleaver (level 9, -1/79 HPs)
             Began as a Yellow Draconian Berserker on June 12, 2018.
             Was a Priest of Trog.
             Slain by a hog (10 damage)
             ... on level 7 of the Dungeon.
             The game lasted 00:16:50 (6952 turns).

Naru the Cleaver (Yellow Draconian Berserker)       Turns: 6952, Time: 00:16:51

Health: -1/79      AC: 11    Str: 19    XL:     9   Next: 39%
Magic:  12/12      EV: 15    Int:  9    God:    Trog [***...]
Gold:   410        SH:  0    Dex: 17    Spells: 8/8 levels left

rFire    + . .     SeeInvis .   c - +1 whip (freeze)
rCold    x . .     Gourm    .   (no shield)
rNeg     . . .     Faith    .   (armour unavailable)
rPois    .         Spirit   .   (helmet restricted)
rElec    .         Reflect  .   B - +2 cloak
rCorr    +         Harm     .   (no gloves)
MR       ++...                  C - +0 pair of boots
Stlth    ++........             (no amulet)
HPRegen  1.23/turn              x - +4 ring of dexterity
MPRegen  0.13/turn              F - ring of fire

@: regenerating
A: spit acid, acid resistance, unfitting armour, cold-blooded, AC +7
a: Breathe Acid, Berserk, Trog's Hand, Burn Spellbooks, Renounce Religion


You were on level 7 of the Dungeon.
You worshipped Trog.
Trog was most pleased with you.
You were very hungry.

You visited 1 branch of the dungeon, and saw 7 of its levels.

You collected 410 gold pieces.

Inventory:

Hand Weapons
 c - a +1 whip of freezing (weapon)
 p - a +2 hand crossbow of velocity
 r - a +0 blowgun
Missiles
 e - 174 stones (quivered)
 m - 5 javelins of penetration
 q - 2 tomahawks
 s - 20 poisoned needles
Armour
 B - a +2 cloak (worn)
 C - a +0 pair of boots (worn)
Jewellery
 x - a +4 ring of dexterity (left hand)
 F - a ring of fire (right hand)
Wands
 u - a wand of paralysis (10)
 A - a wand of flame (37)
Scrolls
 j - 2 scrolls of teleportation
 w - 5 scrolls of remove curse
 y - a scroll of fear
 D - a scroll of enchant armour
 E - a scroll of identify
Potions
 d - 3 potions of might
 f - a potion of ambrosia {unknown}
 g - 2 potions of heal wounds
 h - 2 potions of lignification {unknown}
 i - 4 potions of agility
 k - 5 potions of curing {unknown}
 l - 2 potions of brilliance {unknown}
 n - 2 potions of mutation
 o - a potion of cancellation {unknown}
 t - 5 potions of haste
 z - 3 potions of flight {unknown}
Comestibles
 b - 2 rations


   Skills:
 * Level 7.5 Fighting
   Level 9.7(9.9) Axes
 * Level 2.4(6.6) Maces & Flails
 + Level 4.5 Dodging
 - Level 0.9 Stealth
 * Level 4.0 Evocations


You had 8 spell levels left.
You didn't know any spells.

Dungeon Overview and Level Annotations

Branches:
Dungeon (7/15)             Temple (0/1) D:5

Altars:
Cheibriados
Nemelex Xobeh
Sif Muna
Xom
The Shining One


Innate Abilities, Weirdness & Mutations

You can spit globs of acid.
You are resistant to acid.
Your golden yellow scales are hard. (AC +7)
You cannot fit into any form of body armour.
You are cold-blooded and may be slowed by cold attacks.


Message History

The hog is moderately wounded.
The hog bites you but does no damage. The hog barely misses you.
You hit the hog. You freeze the hog.
The hog is moderately wounded.
The hog bites you! x2
* * * LOW HITPOINT WARNING * * *
You hit the hog. You freeze the hog.
The hog is heavily wounded.
The hog bites you but does no damage. The hog barely misses you.
Your skin crawls.
You feel resistant to hostile enchantments.
You are feeling very hungry.
The hog completely misses you. The hog bites you!
* * * LOW HITPOINT WARNING * * *
The hog misses you. The hog bites you!
* * * LOW HITPOINT WARNING * * *
You whack the hog! You freeze the hog.
The hog is almost dead.
The hog bites you but does no damage. The hog bites you!
You die...

###########
..........#
..........########
..........'....h>#
..........###..h@#
.............#'###
.............#).#..#
............<#..#..#
#+##########.#..'..#
#.# #######.#%.#..#
..####....##.#%%#..#
.............#######
.#####.#.......#.


You could see 2 hogs.

Vanquished Creatures
  Pikel (D:6)
  The ghost of nocturnal the Slicer, a novice HaWr of Okawaru (D:6)
  2 hogs (D:7)
  A human (D:7)
  4 slaves (D:6)
  An ice beast (D:6)
  A phantom (D:5)
  2 ogres (D:6)
  2 centaurs
  2 bullfrogs
  A howler monkey (D:5)
  A centaur zombie (D:6)
  2 crimson imps
  A hound (D:5)
  3 bullfrog skeletons (D:5)
  2 centaur skeletons
  An orc priest (D:3)
  5 orc wizards
  Crazy Yiuf (D:6)
  A gnoll shaman (D:6)
  4 worker ants
  9 adders
  7 gnolls
  A shadow imp (D:5)
  2 oozes
  An adder skeleton (D:4)
  2 worms (D:2)
  A dart slug (D:3)
  15 orcs
  A ball python (D:3)
  10 bats
  4 giant cockroaches (D:2)
  12 goblins
  6 hobgoblins
  2 jackals (D:3)
  7 kobolds
  4 quokkas
  6 frilled lizards
  A leopard gecko skeleton (D:7)
  4 rats
134 creatures vanquished.

Notes
Turn   | Place    | Note
-------+----------+-------------------------------------------
     0 | D:1      | Naru the Draconian Berserker began the quest for the Orb.
     0 | D:1      | Reached XP level 1. HP: 19/19 MP: 1/1
   159 | D:1      | Reached XP level 2. HP: 22/26 MP: 2/2
   467 | D:1      | Reached XP level 3. HP: 32/33 MP: 3/3
   824 | D:2      | Found a deep blue altar of Sif Muna.
   824 | D:2      | Found a sparkling altar of Nemelex Xobeh.
   850 | D:2      | Reached ** piety under Trog
  1100 | D:2      | Reached skill level 4 in Axes
  1504 | D:2      | Reached XP level 4. HP: 38/41 MP: 4/4
  2196 | D:2      | Found a glowing golden altar of the Shining One.
  2545 | D:3      | Found a snail-covered altar of Cheibriados.
  2789 | D:3      | Reached XP level 5. HP: 47/47 MP: 5/5
  2796 | D:3      | Reached *** piety under Trog
  2796 | D:3      | Reached skill level 5 in Axes
  2909 | D:3      | Reached skill level 5 in Fighting
  3656 | D:4      | Found a glowing golden altar of the Shining One.
  4210 | D:5      | Entered Level 5 of the Dungeon
  4241 | D:5      | Reached XP level 6. HP: 54/56 MP: 6/6
  4387 | D:5      | Reached skill level 6 in Axes
  4588 | D:5      | Reached skill level 1 in Evocations
  4620 | D:5      | Your scales start taking on a golden yellow colour.
  4620 | D:5      | Reached XP level 7. HP: 61/61 MP: 7/7
  4954 | D:5      | Found a staircase to the Ecumenical Temple.
  4985 | D:5      | Reached skill level 7 in Axes
  5247 | D:5      | Found a shimmering altar of Xom.
  5518 | D:6      | Reached XP level 8. HP: 64/70 MP: 9/9
  5707 | D:6      | Reached skill level 8 in Axes
  5715 | D:6      | Noticed nocturnal's ghost (novice HaWr)
  5771 | D:6      | Killed nocturnal's ghost
  6106 | D:6      | Reached skill level 9 in Axes
  6137 | D:6      | Found a runed door.
  6284 | D:6      | Noticed Pikel
  6319 | D:6      | Killed Pikel
  6319 | D:6      | Reached XP level 9. HP: 59/79 MP: 11/11
  6587 | D:6      | Noticed Crazy Yiuf
  6589 | D:6      | Killed Crazy Yiuf
  6913 | D:7      | Reached skill level 1 in Maces & Flails
  6952 | D:7      | Slain by a hog

Skill      XL: |  1  2  3  4  5  6  7  8  9 |
---------------+----------------------------+-----
Fighting       | 4 5 6 7 |  7.5
Axes           | 4 5 6 7 9 |  9.7
Evocations     | 1 2 3 4 |  4.0
Dodging        | 3 4 |  4.5
Maces & Flails | 2 |  2.4
Stealth        | |  0.9

Action                   |  1- 3 |  4- 6 |  7- 9 || total
-------------------------+-------+-------+-------++-------
Melee: Hand axe          |   128 |   180 |   204 ||   512
       Tailslap          |    17 |    26 |    47 ||    90
       Whip              |       |       |    73 ||    73
Invok: Berserk           |     1 |     2 |     4 ||     7
       Trog's Hand       |       |     2 |     4 ||     6
       Burn Spellbooks   |       |     1 |       ||     1
 Abil: Breathe Acid      |       |       |    13 ||    13
Evoke: Wand              |       |       |     1 ||     1
  Use: Scroll            |       |     5 |    10 ||    15
       Potion            |       |       |     1 ||     1
 Stab: Sleeping          |     1 |       |     1 ||     2
  Eat: Ration            |     1 |     3 |     4 ||     8
       Chunk             |       |     2 |       ||     2
Armor: Skin              |    48 |    41 |    93 ||   182
Dodge: Dodged            |   102 |   120 |   165 ||   387
